 Dungeon Crawl Stone Soup version 0.25.0-33-gff14898491 (webtiles) character file.

Game seed: 10704887848342921278

21 Modlin the Magician (level 2, -1/20 HPs)
             Began as a Gnoll Wizard on July 6, 2020.
             Slain by an orc
             ... wielding a +0 club of chaos
              (11 damage)
             ... on level 2 of the Dungeon.
             The game lasted 00:02:25 (1180 turns).

Modlin the Magician (Gnoll Wizard)                  Turns: 1180, Time: 00:02:26

Health: -1/20      AC:  3    Str:  9    XL:     2   Next: 83%
Magic:  10/10      EV: 14    Int: 20    God:
Gold:   103        SH:  0    Dex: 13    Spells: 12/15 levels left

rFire    . . .     SeeInvis .   f - +0 short sword
rCold    . . .     Gourm    .   (no shield)
rNeg     . . .     Faith    .   a - +0 robe
rPois    .         Spirit   .   b - +0 hat
rElec    .         Reflect  .   (no cloak)
rCorr    .         Harm     .   g - +0 pair of gloves
MR       .....                  (no boots)
Stlth    ++........             (no amulet)
HPRegen  0.06/turn              (no ring)
MPRegen  0.12/turn              (no ring)

@: very slow
A: distributed training, fangs 1, strong nose
a: no special abilities


You were on level 2 of the Dungeon.
You were not hungry.

You visited 1 branch of the dungeon, and saw 2 of its levels.

You collected 103 gold pieces.

Inventory:

Hand Weapons
 f - a +0 short sword (weapon)
Armour
 a - a +0 robe (worn)
 b - a +0 hat (worn)
 g - a +0 pair of gloves (worn)
Scrolls
 e - a scroll of identify {unknown}
 i - a scroll of fear {unknown}
 k - a scroll of remove curse {unknown}
Potions
 c - a potion of lignification {unknown}
 h - a potion of heal wounds {unknown}
Comestibles
 d - 2 rations
 j - a chunk of flesh


   Skills:
 + Level 0.5 Fighting
 + Level 0.5 Short Blades
 + Level 0.5 Long Blades
 + Level 0.5 Axes
 + Level 0.5 Maces & Flails
 + Level 0.5 Polearms
 + Level 0.5 Staves
 + Level 0.5 Slings
 + Level 0.5 Bows
 + Level 0.5 Crossbows
 + Level 0.5 Throwing
 + Level 0.5 Armour
 + Level 4.5 Dodging
 + Level 4.1 Stealth
 + Level 0.5 Shields
 + Level 0.5 Unarmed Combat
 + Level 7.1 Spellcasting
 + Level 2.0 Conjurations
 + Level 0.3 Hexes
 + Level 0.3 Charms
 + Level 2.0 Summonings
 + Level 0.3 Necromancy
 + Level 2.0 Translocations
 + Level 0.3 Transmutations
 + Level 0.3 Fire Magic
 + Level 0.3 Ice Magic
 + Level 0.3 Air Magic
 + Level 0.3 Earth Magic
 + Level 0.3 Poison Magic
 + Level 0.6 Invocations
 + Level 0.5 Evocations


You had 12 spell levels left.
You knew the following spells:

 Your Spells              Type           Power        Failure   Level  Hunger
a - Magic Dart            Conj           ###.         4%          1    None
b - Call Imp              Summ           ###.....     6%          2    None

Your spell library contained the following spells:

 Spells                   Type           Power        Failure   Level  Hunger
 Blink                    Tloc           N/A          6%          2    None
 Slow                     Hex            #.......     12%         2    None
 Conjure Flame            Conj/Fire      ##......     17%         3    #......
 Mephitic Cloud           Conj/Pois/Air  ##......     19%         3    #......


Dungeon Overview and Level Annotations

Branches:
Dungeon (2/15)

Altars:
Xom


Innate Abilities, Weirdness & Mutations

Your experience applies equally to all skills.
You have very sharp teeth.
Your uncanny sense of smell can sniff out nearby items.


Message History

Moving in this stuff is going to be slow.
The orc shouts!
An orc comes into view. It is wielding a -2 club.
The orc jeers to no one in particular.
You enter the shallow water.
Moving in this stuff is going to be slow.
The orc shouts!
You hit the orc. You bite the orc.
The orc is moderately wounded.
The orc barely misses you.
You hit the orc. Your bite misses the orc.
The orc is severely wounded.
The orc closely misses you.
Your unstable footing causes you to fumble your attack.
The orc hits you with a cursed -2 club!
Your unstable footing causes you to fumble your attack.
The orc hits you with a +0 club of chaos.
You are electrocuted!
Ouch! That really hurt!
You die...

#...≈#^#^##...#
##⌠≈.#.#..##...#####
#._.≈#..≈≈≈#..÷#....
#.#≈⌠#≈.#≈^#........
##..#...#..##'#.....
#....#..#.###.#.....
#.##≈...##....#.....
##..≈≈###≈.#.....[..
#.≈@⌠....#.####.....
#≈o≈o##≈≈#≈# #..÷..
#..≈.≈.⌠#.## #.####
#..≈.≈.⌠.#.####.#
##≈..#.≈#.###<..#
##....≈.## ###.#
##≈...## #.# #####
###


You could see 2 orcs.

Vanquished Creatures
  A dart slug (D:1)
  3 bats
  2 giant cockroaches (D:1)
  A hobgoblin (D:1)
  2 jackals (D:1)
  2 kobolds (D:1)
  A ball python (D:1)
  2 frilled lizards
  3 goblins (D:1)
  3 rats (D:1)
20 creatures vanquished.

Notes
Turn   | Place    | Note
-------+----------+-------------------------------------------
     0 | D:1      | Modlin the Gnoll Wizard began the quest for the Orb.
     0 | D:1      | Reached XP level 1. HP: 13/13 MP: 8/8
   347 | D:1      | Reached XP level 2. HP: 19/19 MP: 10/10
   351 | D:1      | Learned a level 2 spell: Call Imp
  1146 | D:2      | Found a shimmering altar of Xom.
  1180 | D:2      | Slain by an orc

Illustrated notes

Levels and vault maps discovered:
D:1:      doesnt_arrival_eight_statues, layout_loops_ring
D:2:      layout_basic, lemuel_doored_altar, tgw_xom

Skill      XL: |  1 |
---------------+----+-----
Conjurations   | 2 |  2.0
Summonings     | 2 |  2.0
Translocations | 2 |  2.0
Fighting       | |  0.5
Short Blades   | |  0.5
Long Blades    | |  0.5
Axes           | |  0.5
Maces & Flails | |  0.5
Polearms       | |  0.5
Staves         | |  0.5
Slings         | |  0.5
Bows           | |  0.5
Crossbows      | |  0.5
Throwing       | |  0.5
Armour         | |  0.5
Dodging        | |  4.5
Stealth        | |  4.1
Shields        | |  0.5
Unarmed Combat | |  0.5
Spellcasting   | |  7.1
Hexes          | |  0.3
Charms         | |  0.3
Necromancy     | |  0.3
Transmutations | |  0.3
Fire Magic     | |  0.3
Ice Magic      | |  0.3
Air Magic      | |  0.3
Earth Magic    | |  0.3
Poison Magic   | |  0.3
Invocations    | |  0.6
Evocations     | |  0.5

Action                   || total
-------------------------++-------
Melee: Short sword       ||    38
       Bite              ||     2
 Cast: Magic Dart        ||    10
       Call Imp          ||     2
 Stab: Sleeping          ||     8
  Eat: Chunk             ||     1
Armor: Robe              ||     1
Dodge: Dodged            ||    26
